 Seeded DCSS version 0.30-a0-918-g0ff054e9dc (webtiles) character file.

Game seed: 15748772131455733785 (custom seed)

193 Parcival the Covered (level 5, -2/47 HPs)
             Began as a Minotaur Fighter on Mar 20, 2023.
             Slain by a gnoll sergeant
             ... wielding a +0 spear
              (5 damage)
             ... on level 3 of the Dungeon.
             The game lasted 00:03:43 (2443 turns).

Parcival the Covered (Minotaur Fighter)             Turns: 2443, Time: 00:03:44

Health: -2/47      AC: 13    Str: 29    XL:     5   Next: 44%
Magic:  4/4        EV:  7    Int:  5    God:
Gold:   122        SH:  4    Dex:  9    Spells: 4/4 levels left

rFire   . . .      SeeInvis .    k - +0 broad axe
rCold   . . .      Faith    .    c - +0 buckler
rNeg    . . .      Spirit   .    e - +1 plate armour
rPois   +          Reflect  .    (helmet restricted)
rElec   .          Rampage  .    (no cloak)
rCorr   .                        (no gloves)
Will    .....                    (no boots) Stlth
                                 (no amulet)
HPRegen 0.27/turn                i - +6 ring of strength
MPRegen 0.09/turn                l - ring of poison resistance

@: mighty
A: horns 2, retaliatory headbutt
a: no special abilities


You were on level 3 of the Dungeon.
You visited 1 branch of the dungeon, and saw 3 of its levels.

You collected 122 gold pieces.

Inventory:

Hand Weapons
 a - a +0 flail
 k - a +0 broad axe (weapon)
Armour
 b - a +0 scale mail
 c - a +0 buckler (worn)
 e - a +1 plate armour (worn)
Jewellery
 i - a +6 ring of strength (left hand)
 l - a ring of poison resistance (right hand)
 r - an amulet of magic regeneration
Wands
 q - a wand of polymorph (9)
Scrolls
 h - 3 scrolls of fog
 m - a scroll of identify
 o - a scroll of immolation {unknown}
 s - a scroll of blinking
Potions
 f - a potion of heal wounds {unknown}
 g - 2 potions of mutation
 j - a potion of brilliance {unknown}
 n - a potion of attraction {unknown}
 p - 2 potions of lignification {unknown}


   Skills:
 + Level 4.4 Fighting
 + Level 3.0(3.8) Axes
 + Level 3.5(4.1) Maces & Flails
 + Level 5.0 Armour
 + Level 0.1 Dodging
 + Level 4.3 Shields


You had 4 spell levels left.
You didn't know any spells.
Your spell library contained the following spells:

 Spells                   Type           Power      Damage    Failure   Level
 Ignite Poison            Fire/Tmut/Pois 0%         N/A       100%        3
 Kindle Blastsparks       Fire/Tloc/Air  0%         2d10      100%        3
 Freezing Cloud           Conj/Ice/Air   0%         6-21      100%        5


Dungeon Overview and Level Annotations

Branches:
Dungeon (3/15)

Altars:


Innate Abilities, Weirdness & Mutations

You have a pair of horns on your head.
You reflexively headbutt those who attack you in melee.


Message History

You feel very mighty all of a sudden.
The gnoll hits you with a +2 spear of freezing.
The gnoll freezes you. You block the gnoll's attack.
The gnoll hits you with a +0 halberd. The gnoll barely misses you.
The gnoll sergeant hits you but does no damage.
You slice the gnoll!!
You kill the gnoll!
You slash the gnoll! x3; The gnoll hits you with a +0 club.
The gnoll hits you but does no damage.
The gnoll hits you with a +2 spear of freezing.
The gnoll freezes you.
* * * LOW HITPOINT WARNING * * *
The gnoll sergeant hits you but does no damage.
You closely miss the gnoll.
The gnoll is severely wounded.
You closely miss the gnoll. You slash the gnoll!
You kill the gnoll!
The gnoll hits you with a +0 club.
* * * LOW HITPOINT WARNING * * *
The gnoll closely misses you.
The gnoll sergeant hits you but does no damage.
The gnoll hits you but does no damage. The gnoll barely misses you.
The gnoll sergeant barely misses you.
Your Axes skill increases to level 3!
You hit the gnoll.
You kill the gnoll!
You slash the gnoll!
You kill the gnoll!
The gnoll sergeant hits you from afar with a +0 spear.
* * * LOW HITPOINT WARNING * * *
Your Armour skill increases to level 5!
The gnoll sergeant hits you but does no damage.
Things that are here:
a +0 spear; a gnoll corpse The gnoll sergeant hits you with a +0 spear.
* * * LOW HITPOINT WARNING * * *
You hit the gnoll sergeant but do no damage.
The gnoll sergeant hits you but does no damage.
The gnoll sergeant hits you with a +0 spear.
You die...

...........# #.##.#
#.#.# ...........#
#.##.# #.#.#
.........<.# #.##.#
#.#.# ...........#
#.##.# #.#.#
...........# #.##.#
#.#.# ...........#
#.##.# #.#.#
...........# #. #.#
#.#.#
...........+.##.##.#
#.#.#
...........#...g@#.#####
#.#.#
...........#...))......#
#.#.#
...........#...).......#
#.#.#
#######.####....)......#
#.#.# #†# #...........#
#.#.# #.# #...........#
#...# #.# #.........>.#
##### #.# #...........#
#.# #...........#


You could see a gnoll sergeant.

Vanquished Creatures
  3 adders (D:2)
  7 gnolls
  2 worms (D:2)
  3 dart slugs (D:3)
  4 orcs (D:3)
  12 endoplasms
  2 giant cockroaches (D:1)
  5 goblins
  6 hobgoblins
  9 jackals
  A quokka (D:2)
  8 ball pythons
  2 bats
  4 frilled lizards
  6 kobolds
  5 rats
79 creatures vanquished.

Notes
Turn   | Place    | Note
-------+----------+-------------------------------------------
     0 | D:1      | Parcival the Minotaur Fighter began the quest for the Orb.
     0 | D:1      | Reached XP level 1. HP: 19/19 MP: 0/0
   328 | D:1      | Reached XP level 2. HP: 27/27 MP: 1/1
   407 | D:1      | Reached skill level 4 in Armour
   954 | D:2      | Reached XP level 3. HP: 26/33 MP: 2/2
  1282 | D:2      | Reached XP level 4. HP: 40/40 MP: 3/3
  1286 | D:2      | Reached skill level 1 in Axes
  1606 | D:2      | Found a faded altar of an unknown god.
  2224 | D:3      | Reached XP level 5. HP: 47/47 MP: 4/4
  2441 | D:3      | Reached skill level 5 in Armour
  2443 | D:3      | Slain by a gnoll sergeant

Illustrated notes

Levels and vault maps discovered:
D:1:      dpeg_arrival_brainrot, layout_basic, hangedman_decor_growths,
          minmay_misc_feat_rugged, nicolae_titane
D:2:      minmay_recursive_quarters, layout_basic,
          dreamdust_ecumenical_altar_sealed_demon, serial_glass,
          glass_columns_c, glass_columns_a, hex_tiny
D:3:      layout_basic, ebering_ghost_reflecting_pool,
          minmay_misc_feat_four_crosses

Skill      XL: |  1  2  3  4  5 |
---------------+----------------+-----
Fighting       | 4 |  4.4
Armour         | 4 5 |  5.0
Shields        | 4 |  4.3
Maces & Flails | 3 |  3.5
Axes           | 2 3 |  3.0
Dodging        | |  0.1

Action                     |  1- 3 |  4- 6 || total
---------------------------+-------+-------++-------
  Melee: Flail             |    33 |       ||    33
         Headbutt          |    11 |     9 ||    20
         Broad axe         |    32 |    67 ||    99
    Use: Scroll            |     1 |     4 ||     5
         Potion            |       |     1 ||     1
 Armour: Plate armour      |    52 |    74 ||   126
         Scale mail        |     3 |       ||     3
  Dodge: Dodged            |    32 |    33 ||    65
  Block: Buckler           |    21 |    20 ||    41

Table legend: (Time is in decaauts)
 A = Elapsed time spent in this place.
 B = Non-inter-level travel time spent in this place.
 C = Inter-level travel time spent in this place.
 D = Time resting spent in this place.
 E = Time spent auto-exploring this place.
 F = Levels seen in this place.
 G = Mean time per level.
                   A        B        C        D        E       F      G
               +--------+--------+--------+--------+--------+-----+--------+
         Total |   2500 |   2341 |    159 |      0 |   1810 |   3 |  833.3 |
       Dungeon |   2500 |   2341 |    159 |      0 |   1810 |   3 |  833.3 |
               +--------+--------+--------+--------+--------+-----+--------+

Top non-repeatable levels by time:
     D:2: 1019 daAuts
     D:1: 957 daAuts
     D:3: 524 daAuts
